 Dungeon Crawl Stone Soup version 0.16.1-30-g34a7ffa (webtiles) character file.

212 karol the Ruffian (level 5, 0/45 HPs)
             Began as a Minotaur Berserker on June 30, 2015.
             Was a Priest of Trog.
             Slain by a gnoll (3 damage)
             ... on level 3 of the Dungeon.
             The game lasted 00:05:21 (2075 turns).

karol the Ruffian (Minotaur Berserker)              Turns: 2075, Time: 00:05:21

Health: 0/45       AC:  5    Str: 22    XL:     5   Next: 58%
Magic:  2/2        EV: 11    Int:  4    God:    Trog [***...]
Gold:   167        SH:  0    Dex: 10    Spells: 0 memorised, 4 levels left

rFire  . . .     SeeInvis .     a - +0 mace
rCold  . . .     Clarity  .     g - +0 ring mail
rNeg   . . .     SustAb   .     (no shield)
rPois  .         Gourm    .     (helmet restricted)
rElec  .         Spirit   .     (no cloak)
rCorr  .         Warding  .     (no gloves)
rMut   .         Stasis   .     (no boots)
MR     .....                    (no amulet)
Stlth  ..........               (no ring)
                                (no ring)

@: exhausted, slowed, very slow, not resistant to hostile enchantments,
extremely unstealthy
A: retaliatory headbutt, horns 2
a: Burn Spellbooks, Berserk, Trog's Hand, Renounce Religion


You were on level 3 of the Dungeon.
You worshipped Trog.
Trog was most pleased with you.
You were near starving.

You visited 1 branch of the dungeon, and saw 3 of its levels.

You collected 167 gold pieces.

Inventory:

Hand weapons
 a - a +0 mace (weapon)
Armour
 b - a +0 animal skin
 g - a +0 ring mail (worn)
Jewellery
 f - an uncursed ring of stealth {unknown}
 l - an uncursed ring of poison resistance {unknown}
 q - an uncursed amulet of regeneration {unknown}
Scrolls
 d - a scroll of teleportation {unknown}
 h - 2 scrolls of identify {unknown}
 n - a scroll of blinking {unknown}
Potions
 e - a potion of might {unknown}
 m - a potion of haste {unknown}
 o - a potion of cancellation {unknown}
 p - a potion of curing {unknown}
 r - a potion of berserk rage {unknown}
Comestibles
 c - 4 bread rations
 i - 6 fruits
 j - 4 meat rations
 k - 2 beef jerkies
 s - a chunk of flesh


   Skills:
 - Level 3.6 Fighting
 - Level 3.8 Maces & Flails
 - Level 2.4 Armour
 - Level 2.2 Dodging
 + Level 5.8 Unarmed Combat


You had 4 spell levels left.
You didn't know any spells.

Dungeon Overview and Level Annotations

Branches:
Dungeon (3/15)

Altars:
Xom


Innate Abilities, Weirdness & Mutations

You reflexively headbutt those who attack you in melee.
You have a pair of horns on your head.


Message History

You barely miss the gnoll shaman. You headbutt the gnoll shaman.
You kill the gnoll shaman!
Trog accepts your kill.
You are no longer berserk.
You are exhausted.
You feel yourself slow down.
You are near starving!
The gnoll shouts!
The gnoll hits you.
* * * LOW HITPOINT WARNING * * *
There is an open door, spattered with blood here.
Drink which item? (? for menu, Esc to quit)
Okay, then.
The gnoll hits you!
* * * LOW HITPOINT WARNING * * *
The gnoll misses you. You furiously retaliate!
You headbutt the gnoll!
There is a huge open gate here.
The gnoll closely misses you. The gnoll hits you.
You die...

#.# #.# ###### ..# #>#.
...... ### #.#.# ######
#..#########.#.##
###..#....).......########
.........................).
≈≈≈≈≈≈....≈≈≈≈≈≈≈≈≈≈≈≈≈≈≈≈
≈≈≈≈≈≈....≈≈≈≈≈≈≈≈≈≈≈≈≈≈≈≈
≈≈≈≈≈≈...@≈≈≈≈≈≈≈≈≈≈≈≈####
.......gg............#.
#####''''#############
....#....#........ ##
....'..)†').g..... #.
....#....#)....... #.
################ #. #. #.


You could see 2 gnolls.

Vanquished Creatures
  A gnoll shaman (D:3)
  7 gnolls (D:3)
  5 adders
  A worm (D:2)
  A giant gecko (D:2)
  2 oozes
  2 giant cockroaches (D:2)
  9 goblins
  2 hobgoblins (D:2)
  10 jackals
  A quokka (D:3)
  A ball python (D:2)
  9 bats
  4 giant newts
  7 kobolds
  3 rats
65 creatures vanquished.

Notes
Turn   | Place    | Note
--------------------------------------------------------------
     0 | D:1      | karol, the Minotaur Berserker, began the quest for the Orb.
     0 | D:1      | Reached XP level 1. HP: 19/19 MP: 1/1
   167 | D:1      | Reached skill level 1 in Unarmed Combat
   472 | D:1      | Reached XP level 2. HP: 20/26 MP: 1/1
   530 | D:1      | Acquired Trog's second power
   992 | D:2      | Found a shimmering altar of Xom.
  1069 | D:2      | Reached XP level 3. HP: 28/31 MP: 2/2
  1515 | D:2      | Reached XP level 4. HP: 31/39 MP: 2/2
  1637 | D:2      | Reached skill level 4 in Unarmed Combat
  2060 | D:3      | Reached skill level 5 in Unarmed Combat
  2060 | D:3      | Reached XP level 5. HP: 17/45 MP: 2/2
  2072 | D:3      | HP: 2/45 [gnoll (7)]
  2075 | D:3      | Slain by a gnoll

Action                   |  1- 3 |  4- 6 || total
-------------------------+-------+-------++-------
Melee: Mace              |    70 |    43 ||   113
Invok: Berserk           |       |     1 ||     1
  Eat: Chunk             |     1 |     2 ||     3
